 Dungeon Crawl Stone Soup version 0.20.1-1-g8b1a95d (webtiles) character file.

436 papiloppo the Cudgeler (level 6, -3/56 HPs)
             Began as a Minotaur Berserker on Nov 2, 2017.
             Was a Priest of Trog.
             Slain by a gnoll
             ... wielding a +0 spear
              (7 damage)
             ... on level 3 of the Dungeon.
             The game lasted 00:26:16 (5144 turns).

papiloppo the Cudgeler (Minotaur Berserker)         Turns: 5144, Time: 00:26:17

Health: -3/56      AC:  6    Str: 24    XL:     6   Next: 68%
Magic:  5/5        EV: 12    Int:  7    God:    Trog [***...]
Gold:   117        SH:  0    Dex:  9    Spells: 5/5 levels left

rFire    . . .     SeeInvis .   d - +2 spear (venom)
rCold    . . .     Gourm    .   (no shield)
rNeg     . . .     Faith    .   j - +0 ring mail
rPois    .         Spirit   .   (helmet restricted)
rElec    .         Reflect  .   (no cloak)
rCorr    .         Harm     .   (no gloves)
MR       .....                  (no boots)
Stlth    +.........             (no amulet)
Regen    0.2/turn               c - +3 ring of intelligence
MPRegen  0.1/turn               (no ring)

@: no status effects
A: retaliatory headbutt, horns 2
a: Berserk, Trog's Hand, Burn Spellbooks, Renounce Religion


You were on level 3 of the Dungeon.
You worshipped Trog.
Trog was most pleased with you.
You were not hungry.

You visited 1 branch of the dungeon, and saw 4 of its levels.

You collected 117 gold pieces.

Inventory:

Hand Weapons
 d - a +2 spear of venom (weapon)
Armour
 b - a +0 animal skin
 g - a +0 leather armour
 j - a +0 ring mail (worn)
Jewellery
 c - a +3 ring of intelligence (left hand)
Wands
 q - a wand of paralysis (0/24)
Scrolls
 f - a scroll of enchant weapon {unknown}
 l - 2 scrolls of identify
Potions
 e - a potion of heal wounds {unknown}
 i - 2 potions of curing {unknown}
 m - a potion of lignification {unknown}
 r - 2 potions of cancellation {unknown}
 s - a potion of haste {unknown}
Comestibles
 h - 2 royal jellies
 o - a bread ration


   Skills:
 + Level 5.1 Fighting
   Level 5.9 Maces & Flails
 + Level 1.0 Polearms
 + Level 4.7 Armour
 + Level 4.0 Dodging
 - Level 0.6 Stealth


You had 5 spell levels left.
You didn't know any spells.

Dungeon Overview and Level Annotations

Branches:
Dungeon (4/15)
 Temple: D:4-7

Altars:

Annotations:
D:4 Pikel


Innate Abilities, Weirdness & Mutations

You reflexively headbutt those who attack you in melee.
You have a pair of horns on your head.


Message History

The gnoll barely misses you. You furiously retaliate!
You headbutt the gnoll!
You kill the gnoll!
Trog accepts your kill.
The gnoll hits you from afar with a spear.
A gnoll comes into view. It is wielding a spear.
The gnoll hits you with a spear.
You see here a spear.
You barely miss the gnoll. You headbutt the gnoll!
You kill the gnoll!
Trog accepts your kill.
Your Polearms skill increases to level 1!
The gnoll hits you but does no damage.
You closely miss the gnoll. The gnoll hits you with a flail!
* * * LOW HITPOINT WARNING * * *
The gnoll hits you from afar with a spear.
* * * LOW HITPOINT WARNING * * *
You closely miss the gnoll. The gnoll hits you with a flail.
* * * LOW HITPOINT WARNING * * *
The gnoll hits you from afar with a spear!
You die...

##.............
#..)....#####.. ###.......#
##. #.........######.
############.##.....###.....
#............##.........##..
#.....>.....##..####........
#..........##g.###..........
#..........@g........####...
#..........#############....
#..........# #...#.
#..........# ##########.#.#.
##############.....#......##
##......)......##
#................
#...............#
#...............#


You could see 2 gnolls.

Vanquished Creatures
  Sigmund (D:2)
  An orc priest (D:3)
  Terence (D:2)
  Ijyb (D:2)
  Robin (D:2)
  5 adders
  2 gnolls (D:3)
  2 river rats (D:3)
  3 worms (D:3)
  4 dart slugs
  2 leopard geckos (D:3)
  5 orcs
  10 giant cockroaches
  14 goblins
  9 hobgoblins
  3 jackals (D:3)
  9 kobolds
  5 quokkas
  4 bats
  6 frilled lizards
  A rat (D:3)
89 creatures vanquished.

Notes
Turn   | Place    | Note
-------+----------+-------------------------------------------
     0 | D:1      | papiloppo the Minotaur Berserker began the quest for the Orb.
     0 | D:1      | Reached XP level 1. HP: 19/19 MP: 0/0
   245 | D:1      | Reached XP level 2. HP: 5/27 MP: 1/1
  1409 | D:2      | Noticed Robin
  1412 | D:2      | Noticed Sigmund
  1415 | D:2      | Reached XP level 3. HP: 33/33 MP: 2/2
  1939 | D:2      | Killed Robin
  1939 | D:2      | Reached ** piety under Trog
  2379 | D:2      | Killed Sigmund
  2379 | D:2      | Reached skill level 5 in Maces & Flails
  2379 | D:2      | Reached XP level 4. HP: 14/41 MP: 3/3
  2379 | D:2      | Reached XP level 5. HP: 16/47 MP: 4/4
  3316 | D:3      | Reached XP level 6. HP: 20/53 MP: 5/5
  3537 | D:3      | Noticed Ijyb
  3537 | D:3      | Paralysed by Ijyb for 6 turns
  3544 | D:3      | Noticed Terence
  3549 | D:3      | Paralysed by Ijyb for 6 turns
  3865 | D:2      | Killed Terence
  3875 | D:2      | Killed Ijyb
  4438 | D:3      | Reached skill level 5 in Fighting
  4716 | D:3      | Reached *** piety under Trog
  5097 | D:4      | Noticed a slave
  5097 | D:4      | Noticed a slave
  5100 | D:4      | Noticed a slave
  5101 | D:4      | Noticed Pikel
  5102 | D:4      | Noticed a slave
  5142 | D:3      | Reached skill level 1 in Polearms
  5144 | D:3      | Slain by a gnoll

Skill      XL: |  1  2  3  4  5  6 |
---------------+-------------------+-----
Fighting       | 4 5 |  5.1
Maces & Flails | 4 5 |  5.9
Armour         | 3 4 |  4.7
Dodging        | 3 4 |  4.0
Polearms       | 1 |  1.0
Stealth        | |  0.6

Action                   |  1- 3 |  4- 6 || total
-------------------------+-------+-------++-------
Melee: Mace              |    89 |       ||    89
       Headbutt          |    19 |    17 ||    36
       Scythe            |       |    67 ||    67
       Spear             |       |    51 ||    51
Invok: Berserk           |     2 |       ||     2
  Use: Scroll            |     1 |     3 ||     4
  Eat: Chunk             |     1 |     3 ||     4
       Fruit             |     1 |     1 ||     2
       Bread ration      |     1 |       ||     1
       Meat ration       |       |     1 ||     1
Armor: Animal skin       |     5 |       ||     5
       Ring mail         |    21 |    70 ||    91
       Leather armour    |     1 |       ||     1
Dodge: Dodged            |    66 |   111 ||   177
